 Dungeon Crawl Stone Soup version 0.28-a0-1613-gdaab1c2f9b (webtiles) character file.

Game seed: 10871657512832072808

794 murtidash the Sneak (level 7, -1/61 HPs)
             Began as a Ghoul Brigand on Jan 21, 2022.
             Was an Initiate of Wu Jian.
             Slain by an orc warrior (11 damage)
             ... on level 5 of the Dungeon.
             The game lasted 00:08:05 (6170 turns).

murtidash the Sneak (Ghoul Brigand)                 Turns: 6170, Time: 00:08:06

Health: -1/61      AC:  9    Str: 23    XL:     7   Next: 89%
Magic:  6/6        EV: 10    Int:  6    God:    Wu Jian [......]
Gold:   242        SH:  0    Dex: 10    Spells: 6/6 levels left

rFire   . . .      SeeInvis .     - Unarmed
rCold   + . .      Faith    .   (no shield)
rNeg    + + +      Spirit   .   p - +0 scale mail
rPois   ∞          Reflect  .   g - +2 hat
rElec   .          Harm     .   c - +0 cloak
rCorr   .          Rampage  .   (no gloves)
Will    .....                   (no boots)
Stlth   ++........              (no amulet)
HPRegen 0.00/turn               m - +6 ring of strength
MPRegen 0.10/turn               (no ring)

@: inhibited regen
A: claws 1, cold resistance 1, negative energy resistance 3, inhibited
regeneration, torment resistance 2
a: Renounce Religion


You were on level 5 of the Dungeon.
You worshipped Wu Jian.
Wu Jian was noncommittal.
You visited 2 branches of the dungeon, and saw 6 of its levels.
You also visited: Sewer.

You collected 242 gold pieces.

Inventory:

Hand Weapons
 a - a +2 dagger
Missiles
 d - 23 poisoned darts
 e - 2 curare-tipped darts
Armour
 c - a +0 cloak (worn)
 g - a +2 hat (worn)
   (You found it on level 1 of the Dungeon)
 p - a +0 scale mail (worn)
   (You found it on level 1 of the Dungeon)
Jewellery
 m - a +6 ring of strength (left claw)
   (You found it on level 2 of the Dungeon)
Wands
 w - a wand of digging (6)
   (You took it off a gnoll on level 4 of the Dungeon)
Scrolls
 f - 5 scrolls of teleportation {unknown}
 j - a scroll of silence {unknown}
 k - a scroll of holy word {unknown}
 l - 5 scrolls of blinking {unknown}
 n - 2 scrolls of identify {unknown}
 r - a scroll of fear {unknown}
 x - a scroll of enchant weapon {unknown}
Potions
 b - 2 potions of haste {unknown}
 h - 3 potions of curing {unknown}
 i - 2 potions of might {unknown}
 o - a potion of mutation {unknown}
 q - 2 potions of magic {unknown}
 s - a potion of flight {unknown}
 t - 3 potions of heal wounds {unknown}
 u - a potion of lignification {unknown}
 v - 2 potions of resistance {unknown}
 z - 2 potions of brilliance {unknown}


   Skills:
 + Level 5.0 Fighting
 - Level 1.7 Short Blades
 - Level 1.7 Throwing
 - Level 0.8 Dodging
 + Level 6.7 Stealth
 * Level 6.5 Unarmed Combat


You had 6 spell levels left.
You didn't know any spells.
Your spell library contained the following spells:

 Spells                   Type           Power      Damage    Failure   Level
 Animate Skeleton         Necr           0%         N/A       80%         1
 Apportation              Tloc           0%         N/A       80%         1
 Pain                     Necr           0%         1d4       80%         1
 Sandblast                Erth           0%         2d4       80%         1
 Ensorcelled Hibernation  Hex/Ice        0%         N/A       90%         2
 Passwall                 Tmut/Erth      0%         N/A       90%         2
 Conjure Flame            Conj/Fire      0%         6-21      99%         3
 Gell's Gravitas          Tloc           0%         N/A       99%         3
 Ignite Poison            Fire/Tmut/Pois 0%         N/A       99%         3
 Lesser Beckoning         Tloc           0%         N/A       99%         3
 Stone Arrow              Conj/Erth      0%         3d7       99%         3
 Teleport Other           Tloc           0%         N/A       99%         3
 Vampiric Draining        Necr           0%         2d6       99%         3
 Anguish                  Hex/Necr       0%         N/A       100%        4
 Sticky Flame             Conj/Fire      0%         2d3       100%        4
 Alistair's Intoxication  Tmut/Pois      0%         N/A       100%        5
 Spider Form              Tmut/Pois      Unusable   N/A       N/A         3

Dungeon Overview and Level Annotations

Branches:
Dungeon (5/15)             Temple (1/1) D:5           Sewer (visited)

Altars:
Cheibriados
Dithmenos
Elyvilon
Nemelex Xobeh
Qazlal
Ru
Sif Muna
Vehumet
Wu Jian
Xom
Yredelemnul
The Shining One


Innate Abilities, Weirdness & Mutations

You thrive by killing the living.
You are immune to poison.
You have sharp fingernails.
Your flesh is cold resistant. (rC+)
You are immune to negative energy. (rN+++)
You do not regenerate when monsters are visible.
You are immune to unholy pain and torment.


Message History

No target in view!
No target in view!
No target in view!
No target in view!
No target in view!
No target in view!
No target in view!
There is an open door here.
You open the door.
There is an open door here.
You open the door.
There is an open door here.
Found a basalt altar of Yredelemnul.
You pick up a book of Displacement and begin reading...
You add the spells Lesser Beckoning, Gell's Gravitas and Teleport Other to your library.
You open the door.
There is an open door here.
As you open the door, it creaks loudly!
There is an open door here.
You pick up a book of Dreams and begin reading...
You add the spells Ensorcelled Hibernation and Anguish to your library.
There is an open door here.
There is an open door here.
There is an open door here.
There is an open door here.
There is an open door here.
There is an open door here. 2 orcs come into view.
The orc moves out of view.
An orc comes into view. It is wielding a +0 hand axe.
The orc shouts!
You barely miss the orc. The orc hits you but does no damage.
You claw the orc!
You kill the orc!
The Council accepts your kill.
An orc comes into view. It is wielding a +0 war axe.
An orc warrior comes into view. It is wielding a +0 long sword.
The orc warrior shouts!
The orc shouts!
You see here a +0 whip.
You lunge at the orc, in a flurry of attacks.
You scratch the orc but do no damage. You claw the orc, but do no damage.
You scratch the orc. The orc hits you but does no damage.
You scratch the orc but do no damage. The orc hits you with a +0 mace.
You take 2 damage, and have 59/61 hp.
You barely miss the orc. The orc hits you with a +0 mace.
You take 4 damage, and have 55/61 hp.
You barely miss the orc. The orc hits you but does no damage.
You barely miss the orc. The orc hits you with a +0 war axe.
You take 5 damage, and have 50/61 hp.
You barely miss the orc warrior. The orc hits you but does no damage.
You claw the orc warrior! The orc closely misses you. x2
The orc warrior hits you with a +0 long sword.
You take 5 damage, and have 45/61 hp.
You closely miss the orc warrior. The orc hits you but does no damage.
You scratch the orc warrior but do no damage.
The orc warrior hits you with a +0 long sword!
The orc closely misses you. The orc hits you but does no damage. x2
You take 12 damage, and have 33/61 hp.
You are too injured to fight recklessly!
You are too injured to fight recklessly!
You are too injured to fight recklessly!
You are too injured to fight recklessly!
You are too injured to fight recklessly!
You are too injured to fight recklessly!
You are too injured to fight recklessly!
You are too injured to fight recklessly!
You are too injured to fight recklessly!
You are too injured to fight recklessly!
You are too injured to fight recklessly!
You are too injured to fight recklessly!
You are too injured to fight recklessly!
You are too injured to fight recklessly!
You are too injured to fight recklessly!
You are too injured to fight recklessly!
The orc hits you with a +0 war axe.
You take 6 damage, and have 27/61 hp.
There is an open door here.
You completely miss the orc. The orc barely misses you.
You scratch the orc. You claw the orc!
You kill the orc!
The Council accepts your kill.
You claw the orc!
You kill the orc!
The Council accepts your kill.
You scratch the orc warrior but do no damage.
You barely miss the orc warrior.
The orc warrior hits you with a +0 long sword.
You take 3 damage, and have 24/61 hp.
You scratch the orc. The orc completely misses you.
You claw the orc!
You kill the orc!
The Council accepts your kill.
You feel better.
The orc warrior hits you with a +0 long sword!!
* * * LOW HITPOINT WARNING * * *
You take 14 damage, and have 10/61 hp.
MASSIVE DAMAGE!!
You claw the orc warrior!
The orc warrior hits you with a +0 long sword!
You die...

#.≈.......≈....# #....'.......
#.≈.≈≈≈≈≈.≈....# #....#.......
#..............# #..).#.......
####...........# #....#.......
##..........# #....#.......
##.###'###.#####....#...####
######.###.######.......#.<.#...
#.......#......)#.......#...#...
#.......#......@).......#...'...
#.......#......o#.......#...#...
#################.......#####...
######### ####


You could see an orc warrior.

Vanquished Creatures
  A centaur (D:5)
  A kobold brigand (D:4)
  A water moccasin skeleton (D:5)
  A hound (D:4)
  A bullfrog skeleton (D:5)
  A gnoll shaman (D:5)
  An orc priest (D:5)
  2 iguanas (D:4)
  An orc wizard (D:5)
  A hound zombie (D:5)
  7 gnolls
  15 adders
  4 river rats (Sewer)
  A white imp (D:5)
  2 worms
  3 dart slugs (D:1)
  6 orcs (D:5)
  9 ball pythons
  11 endoplasms
  10 giant cockroaches
  9 hobgoblins
  8 jackals
  2 quokkas
  6 bats
  5 frilled lizards
  13 goblins
  8 kobolds
  9 rats
139 creatures vanquished.

Vanquished Creatures (others)
  10 plants (Sewer)
10 creatures vanquished.

Grand Total: 149 creatures vanquished

Notes
Turn   | Place    | Note
-------+----------+-------------------------------------------
     0 | D:1      | murtidash the Ghoul Brigand began the quest for the Orb.
     0 | D:1      | Reached XP level 1. HP: 17/17 MP: 0/0
    89 | D:1      | Reached skill level 1 in Unarmed Combat
   101 | D:1      | Reached XP level 2. HP: 18/25 MP: 1/1
   269 | D:1      | Found a faded altar of an unknown god.
   710 | D:1      | Reached XP level 3. HP: 29/30 MP: 2/2
   758 | D:1      | Reached skill level 2 in Unarmed Combat
  1436 | D:2      | Reached XP level 4. HP: 35/37 MP: 3/3
  1623 | D:2      | Reached skill level 5 in Stealth
  1802 | D:2      | Reached skill level 3 in Fighting
  2204 | D:3      | Reached skill level 3 in Unarmed Combat
  2305 | D:3      | Found a glowing drain.
  2324 | D:3      | Reached XP level 5. HP: 44/45 MP: 4/4
  2333 | Sewer    | Entered a sewer
  2647 | Sewer    | Reached skill level 4 in Unarmed Combat
  3312 | D:3      | Reached XP level 6. HP: 52/52 MP: 5/5
  3885 | D:4      | Reached skill level 4 in Fighting
  4388 | D:4      | Reached skill level 6 in Stealth
  4388 | D:4      | Reached skill level 5 in Unarmed Combat
  4490 | D:4      | Reached XP level 7. HP: 52/59 MP: 6/6
  4647 | D:4      | Found a stormy altar of Qazlal.
  4820 | D:5      | Entered Level 5 of the Dungeon
  5272 | D:5      | Reached skill level 6 in Unarmed Combat
  5562 | D:5      | Found a staircase to the Ecumenical Temple.
  5571 | Temple   | Entered the Ecumenical Temple
  5799 | Temple   | Became a worshipper of the Wu Jian Council
  5922 | D:5      | Reached skill level 5 in Fighting
  6042 | D:5      | Found a basalt altar of Yredelemnul.
  6169 | D:5      | HP: 10/61 [orc warrior (18)]
  6170 | D:5      | Slain by an orc warrior

Illustrated notes

Levels and vault maps discovered:
D:1:      dpeg_arrival_subterranean_lakeside_camping, layout_basic,
          shapermc_ecumenical_altar_starsandcircs, minivault_24,
          minmay_strange_pillars
D:2:      layout_basic
D:3:      layout_basic, nicolae_elyvilon_peaceful_grove, gup_sewer_entry_glass,
          kennysheep_generic_room_2
D:4:      layout_cave_pods, marbit_many_paths
D:5:      layout_gridville, mainiacjoe_overflow_cross_hatched,
          minmay_temple_entry_poolview
Temple:   jpeg_temple_island

Skill      XL: |  1  2  3  4  5  6  7 |
---------------+----------------------+-----
Unarmed Combat | 1 2 3 4 5 6 |  6.5
Stealth        | 5 6 |  6.7
Fighting       | 3 4 5 |  5.0
Short Blades   | |  1.7
Throwing       | |  1.7
Dodging        | |  0.8

Action                   |  1- 3 |  4- 6 |  7- 9 || total
-------------------------+-------+-------+-------++-------
Melee: Unarmed           |   114 |   321 |   106 ||   541
       Dagger            |     1 |       |       ||     1
       Punch             |     1 |     3 |     8 ||    12
Invok: Lunge             |       |       |     2 ||     2
 Stab: Sleeping          |    11 |     5 |       ||    16
Armor: Robe              |    29 |     7 |       ||    36
       Scale mail        |       |   149 |    39 ||   188
Dodge: Dodged            |    51 |   155 |    50 ||   256

Table legend: (Time is in decaauts)
 A = Elapsed time spent in this place.
 B = Non-inter-level travel time spent in this place.
 C = Inter-level travel time spent in this place.
 D = Time resting spent in this place.
 E = Time spent auto-exploring this place.
 F = Levels seen in this place.
 G = Mean time per level.
                   A        B        C        D        E       F      G
               +--------+--------+--------+--------+--------+-----+--------+
         Total |   6314 |   6107 |    207 |      9 |   4936 |   7 |  902.0 |
       Dungeon |   4941 |   4788 |    153 |      9 |   3914 |   5 |  988.2 |
        Temple |    300 |    247 |     53 |      0 |    239 |   1 |  300.0 |
         Sewer |   1073 |   1073 |      0 |      0 |    782 |   1 | 1073.0 |
               +--------+--------+--------+--------+--------+-----+--------+

Top non-repeatable levels by time:
     D:1: 1179 daAuts
     D:4: 1088 daAuts
     D:5: 1084 daAuts
   Sewer: 1073 daAuts
     D:2: 882 daAuts
     D:3: 706 daAuts
  Temple: 300 daAuts

Table legend:
 A = Kills in this place as a percentage of kills in entire the game.
 B = Kills by you in this place as a percentage of kills by you in the entire game.
 C = Kills by friends in this place as a percentage of kills by friends in the entire game.
 D = Other kills in this place as a percentage of other kills in the entire game.
 E = Experience gained in this place as a percentage of experience gained in the entire game.
 F = Experience gained in this place divided by the number of levels of this place that you have seen.
                   A       B       C       D       E      F
               +-------+-------+-------+-------+-------+----------------------
         Total | 100.0 | 100.0 |   N/A |   N/A | 100.0 | 162.1
       Dungeon |  81.3 |  81.3 |   N/A |   N/A |  87.5 | 198.6
         Sewer |  18.7 |  18.7 |   N/A |   N/A |  12.5 | 142.0
               +-------+-------+-------+-------+-------+----------------------
